 Dungeon Crawl Stone Soup version 0.29.1-1-gd02db6906a (webtiles) character file.

Game seed: 17601218982034527569

93 masschaos23 the Chopper (level 4, 0/40 HPs)
             Began as a Hill Orc Fighter on Sept 15, 2022.
             Slain by a water moccasin (8 damage)
             ... on level 3 of the Dungeon.
             The game lasted 00:01:29 (1991 turns).

masschaos23 the Chopper (Hill Orc Fighter)          Turns: 1991, Time: 00:01:30

Health: 0/40       AC:  7    Str: 20    XL:     4   Next: 62%
Magic:  4/4        EV:  9    Int:  8    God:
Gold:   61         SH:  4    Dex: 10    Spells: 3/3 levels left

rFire   . . .      SeeInvis .   a - +0 war axe
rCold   . . .      Faith    .   c - +0 buckler
rNeg    . . .      Spirit   .   b - +0 scale mail
rPois   .          Reflect  .   (no helmet)
rElec   .          Harm     .   (no cloak)
rCorr   .          Rampage  .   (no gloves)
Will    .....                   (no boots)
Stlth   ..........              (no amulet)
HPRegen 0.13/turn               (no ring)
MPRegen 0.09/turn               (no ring)

@: mighty, lethally poisoned (0 -> -2)
A: no striking features
a: no special abilities


You were on level 3 of the Dungeon.
You visited 1 branch of the dungeon, and saw 3 of its levels.

You collected 61 gold pieces.

Inventory:

Hand Weapons
 a - a +0 war axe (weapon)
Armour
 b - a +0 scale mail (worn)
 c - a +0 buckler (worn)
Jewellery
 o - a ring of protection from cold
Scrolls
 e - 3 scrolls of identify {unknown}
 h - a scroll of summoning {unknown}
 i - a scroll of torment {unknown}
 k - a scroll of noise {unknown}
Potions
 d - a potion of might
 f - a potion of heal wounds {unknown}
 g - a potion of invisibility {unknown}
 j - a potion of brilliance {unknown}
 l - a potion of attraction {unknown}
 m - a potion of curing {unknown}
 n - a potion of lignification {unknown}


   Skills:
 + Level 4.0 Fighting
 + Level 4.2 Axes
 + Level 4.0 Armour
 + Level 0.2 Dodging
 + Level 0.5 Stealth
 + Level 3.8 Shields


You had 3 spell levels left.
You didn't know any spells.
Your spell library was empty.

Dungeon Overview and Level Annotations

Branches:
Dungeon (3/15)

Altars:


Message History

You kill the quokka!
You see here a quokka corpse.
o - a ring of protection from cold No target in view!
You see here the +0 cloak of the Prince of Darkness {+Blink rN+++ MP+9 Dex-5}.
A water moccasin comes into view.
The water moccasin hisses angrily.
A water moccasin is nearby!
A water moccasin is nearby!
You barely miss the water moccasin. The water moccasin barely misses you.
The water moccasin bites you.
You are poisoned.
The water moccasin poisons you!
A water moccasin is nearby!
You hit the water moccasin.
The water moccasin is moderately wounded.
You feel very sick. The water moccasin bites you.
The water moccasin barely misses you.
A water moccasin is nearby!
You miss the water moccasin.
The water moccasin is moderately wounded.
You feel sick. The water moccasin bites you.
The water moccasin bites you but does no damage.
A water moccasin is nearby!
You are too injured to fight recklessly!
Unknown command.
You are too injured to fight recklessly!
You barely miss the water moccasin.
The water moccasin is moderately wounded.
You feel sick. The water moccasin bites you.
* * * LOW HITPOINT WARNING * * *
You feel very mighty all of a sudden.
You feel sick. The water moccasin barely misses you.
You block the water moccasin's attack.
You slash the water moccasin!
The water moccasin is almost dead.
You feel sick.
The water moccasin completely misses you.
The water moccasin bites you!
You die...

#.............#.###
#..............†#.#
#.#.....[.........# ###
#.#.##........###.###.#
#.#..#.#####..#.......#
#.##.#.....#..#.#.###.#
#......#.#.#..#.#.# #.#
####.#.#.#.#..#.#.###.#
#..@S...#..#.......#
###.#.#.#..###.###.#
#.#.#.#..........# #.#
#.#.###.####.# #..
........####.# #..
#.#.##.......#
#..##+#.##.#######
#.................
#......<.†.#######


You could see a water moccasin.

Vanquished Creatures
  4 adders (D:2)
  A worm (D:2)
  A ball python (D:2)
  6 endoplasms
  2 giant cockroaches (D:1)
  9 hobgoblins
  5 kobolds
  7 quokkas
  7 bats
  4 frilled lizards
  2 goblins
  4 rats (D:2)
52 creatures vanquished.

Notes
Turn   | Place    | Note
-------+----------+-------------------------------------------
     0 | D:1      | masschaos23 the Hill Orc Fighter began the quest for the
                  | Orb.
     0 | D:1      | Reached XP level 1. HP: 19/19 MP: 1/1
   142 | D:1      | Reached XP level 2. HP: 27/27 MP: 2/2
   598 | D:1      | Reached XP level 3. HP: 32/33 MP: 3/3
   864 | D:2      | Found a faded altar of an unknown god.
  1099 | D:2      | Reached XP level 4. HP: 34/40 MP: 4/4
  1972 | D:3      | Identified the +0 cloak of the Prince of Darkness {+Blink
                  | rN+++ MP+9 Dex-5}
  1984 | D:3      | Noticed a water moccasin
  1991 | D:3      | Slain by a water moccasin

Illustrated notes

Levels and vault maps discovered:
D:1:      scummos_arrival_checkerplants, layout_loops_ring
D:2:      layout_basic, shapermc_ecumenical_altar_mp_highgroup,
          grunt_ministairs_10
D:3:      layout_basic

Skill      XL: |  1  2  3  4 |
---------------+-------------+-----
Axes           | 3 4 |  4.2
Fighting       | 4 |  4.0
Armour         | 4 |  4.0
Dodging        | |  0.2
Stealth        | |  0.5
Shields        | |  3.8

Action                   |  1- 3 |  4- 6 || total
-------------------------+-------+-------++-------
Melee: War axe           |   101 |    60 ||   161
  Use: Potion            |       |     1 ||     1
Armor: Scale mail        |    63 |    28 ||    91
Dodge: Dodged            |    53 |    35 ||    88
Block: Buckler           |    27 |    15 ||    42
